 Dungeon Crawl Stone Soup version 0.22.1-2-g9c5b331 (webtiles) character file.

126 shakethe the Skirmisher (level 4, 0/38 HPs)
             Began as a Demonspawn Gladiator on Nov 19, 2018.
             Killed from afar by an orc wizard (1 damage)
             ... with a puff of flame
             ... on level 3 of the Dungeon.
             The game lasted 00:03:03 (1895 turns).

shakethe the Skirmisher (Demonspawn Gladiator)      Turns: 1895, Time: 00:03:08

Health: 0/38       AC:  7    Str: 11 (14) XL:     4   Next: 84%
Magic:  0/4        EV: 12    Int: 14 (16) God:
Gold:   104        SH:  0    Dex: 13 (14) Spells: 3/3 levels left

rFire    . . .     SeeInvis .   a - +0 war axe
rCold    . . .     Gourm    .   (no shield)
rNeg     . . .     Faith    .   b - +0 leather armour
rPois    .         Spirit   +   c - +1 helmet
rElec    .         Reflect  .   (no cloak)
rCorr    +         Harm     .   (no gloves)
MR       .....                  (no boots)
Stlth    +.........             j - amulet of guardian spirit
HPRegen  0.12/turn              n - ring of resist corrosion (curse)
MPRegen  0.09/turn              (no ring)

@: brilliant
A: thin metallic scales 1, powered by pain 1
a: no special abilities


You were on level 3 of the Dungeon.
You were very hungry.

You visited 1 branch of the dungeon, and saw 3 of its levels.

You collected 104 gold pieces.

Inventory:

Hand Weapons
 a - a +0 war axe (weapon)
Missiles
 d - 3 throwing nets (quivered)
Armour
 b - a +0 leather armour (worn)
 c - a +1 helmet (worn)
Jewellery
 j - an amulet of guardian spirit (around neck)
 n - a cursed ring of resist corrosion (left hand)
Scrolls
 e - a scroll of teleportation
 g - a scroll of identify
 i - a scroll of enchant armour
 k - 3 scrolls of remove curse
 l - 2 scrolls of amnesia
 r - a scroll of noise {unknown}
Potions
 o - a potion of agility
 p - a potion of lignification {unknown}
 q - a potion of degeneration
 s - a potion of might {unknown}
Comestibles
 f - 3 rations


   Skills:
 * Level 4.3 Fighting
 + Level 3.6 Axes
 - Level 1.7 Throwing
 - Level 2.6 Dodging


You had 3 spell levels left.
You didn't know any spells.
Your spell library was empty.

Dungeon Overview and Level Annotations

Branches:
Dungeon (3/15)

Altars:
Yredelemnul


Innate Abilities, Weirdness & Mutations

You are partially covered in thin metallic scales. (AC +2)
You sometimes gain a little power by taking damage.


Message History

Okay, then.
It was a potion of cancellation.
You feel magically purged. Something hits you but does no damage.
It was a potion of brilliance.
You feel clever all of a sudden. Something hits you.
* * * LOW HITPOINT WARNING * * *
The orc hits you but does no damage.
You hear some strange, mumbled words.
A puff of flame appears from out of thin air!
The puff of flame hits you!
Okay, then.
Okay, then.
It was a potion of degeneration.
There was something very wrong with that liquid.
You feel weakened.
You feel dopey.
You feel clumsy.
You hear some strange, mumbled words.
A puff of flame appears from out of thin air!
The puff of flame hits you!
You die...

..# #.# #.#
... #.# #)#
#o### #.o{#
###@# #.#
####.####
#.......#
#.##.##.#
##.##.##.#
#.....##.#
#..#####.#
#..#####.#####


You could see 2 orcs.

Vanquished Creatures
  6 adders (D:2)
  An ooze (D:3)
  2 worms (D:2)
  A dart slug (D:1)
  A leopard gecko (D:1)
  2 orcs (D:3)
  A giant cockroach (D:3)
  5 goblins (D:2)
  6 hobgoblins
  11 jackals
  9 kobolds
  A ball python (D:2)
  5 bats
  2 frilled lizards (D:2)
  2 rats (D:1)
55 creatures vanquished.

Notes
Turn   | Place    | Note
-------+----------+-------------------------------------------
     0 | D:1      | shakethe the Demonspawn Gladiator began the quest for the
                  | Orb.
     0 | D:1      | Reached XP level 1. HP: 16/16 MP: 1/1
   100 | D:1      | Gained mutation: You sometimes gain a little power by
                  | taking damage. [demonic ancestry]
   100 | D:1      | Reached XP level 2. HP: 15/23 MP: 2/2
   534 | D:1      | Reached skill level 3 in Fighting
   886 | D:2      | Reached XP level 3. HP: 29/29 MP: 3/3
  1004 | D:2      | Found a basalt altar of Yredelemnul.
  1226 | D:2      | Gained mutation: You are partially covered in thin metallic
                  | scales. (AC +2) [demonic ancestry]
  1226 | D:2      | Reached XP level 4. HP: 36/37 MP: 4/4
  1302 | D:2      | Reached skill level 4 in Fighting
  1778 | D:3      | Found a faded altar of an unknown god.
  1894 | D:3      | HP: 1/38 [something (1)]
  1895 | D:3      | Killed from afar by an orc wizard

Skill      XL: |  1  2  3  4 |
---------------+-------------+-----
Axes           | 3 |  3.6
Fighting       | 3 4 |  4.3
Throwing       | |  1.7
Dodging        | |  2.6

Action                   |  1- 3 |  4- 6 || total
-------------------------+-------+-------++-------
Melee: War axe           |   117 |    61 ||   178
  Use: Scroll            |       |     4 ||     4
       Potion            |       |     3 ||     3
 Stab: Sleeping          |     2 |       ||     2
  Eat: Chunk             |     1 |     1 ||     2
Armor: Leather armour    |    56 |    23 ||    79
Dodge: Dodged            |   104 |    25 ||   129
